 Dungeon Crawl Stone Soup version 0.31-a0-150-g89dc3ad700 (webtiles) character file.

Game seed: 15869860198911168020

181 IndexError the Shooter (level 5, 0/45 HPs)
             Began as a Demigod Hunter on June 8, 2023.
             Slain by Grinder (3 damage)
             ... on level 3 of the Dungeon.
             The game lasted 00:02:44 (2063 turns).

IndexError the Shooter (Demigod Hunter)             Turns: 2063, Time: 00:02:45

Health: 0/45       AC:  3    Str: 12    XL:     5   Next: 11%
Magic:  7/7        EV: 17    Int: 11    God:
Gold:   111        SH:  0    Dex: 21    Spells: 4/4 levels left

rFire   . . .        a - +0 shortbow
rCold   . . .        (shield currently unavailable)
rNeg    . . .        c - +0 leather armour
rPois   .            (no helmet)
rElec   .            (no cloak)
rCorr   .            (no gloves)
SInv    .            (no boots)
Will    .....        (no amulet)
Stlth   ++           v - +5 ring of evasion
HPRegen 0.27/turn    (no ring)
MPRegen 0.10/turn

%: no passive effects
@: no status effects
A: high MP 1, forlorn, divine attributes
a: no special abilities


You were on level 3 of the Dungeon.
You visited 1 branch of the dungeon, and saw 3 of its levels.

You collected 111 gold pieces.

Inventory:

Hand Weapons
 a - a +0 shortbow (weapon)
 m - a +3 dagger
   (You took it off a goblin on level 2 of the Dungeon)
Missiles
 e - 2 javelins
Armour
 c - a +0 leather armour (worn)
 o - a +0 cloak
   (You found it on level 2 of the Dungeon)
Magical Staves
 s - a staff of fire {rF+}
   (You found it on level 3 of the Dungeon)
Jewellery
 v - a +5 ring of evasion (left hand)
   (You found it on level 3 of the Dungeon)
Wands
 u - a wand of acid (5)
   (You found it on level 3 of the Dungeon)
Scrolls
 b - a scroll of butterflies
 d - a scroll of noise {unknown}
 f - a scroll of amnesia {unknown}
 g - a scroll of enchant armour {unknown}
 h - 2 scrolls of fear {unknown}
 i - a scroll of silence {unknown}
 j - a scroll of fog {unknown}
 l - a scroll of acquirement {unknown}
 q - a scroll of teleportation {unknown}
 r - a scroll of vulnerability {unknown}
 x - a scroll of identify {unknown}
Potions
 k - 2 potions of attraction {unknown}
 n - 2 potions of curing {unknown}
 p - a potion of resistance {unknown}
 t - a potion of mutation {unknown}
 w - a potion of degeneration {unknown}


   Skills:
 + Level 3.2 Fighting
 * Level 5.4 Ranged Weapons
 - Level 1.7 Dodging
 - Level 0.8 Stealth


You had 4 spell levels left.
You didn't know any spells.
Your spell library was empty.

Dungeon Overview and Level Annotations

Branches:
Dungeon (3/15)

Annotations:
D:3 Grinder


Innate Abilities, Weirdness & Mutations

You have an increased reservoir of magic. (+10% MP)
You shall have no god before yourself.
Your divine heritage dramatically boosts your attributes as you level up.


Message History

You shoot an arrow. The arrow hits the quokka.
No target in view!
You now have 111 gold pieces (gained 5).
There is a stone staircase leading up here.
You see here a rat skeleton.
A hobgoblin comes into view.
The hobgoblin shouts!
A hobgoblin is nearby!
A hobgoblin is nearby!
You shoot an arrow. The arrow hits the hobgoblin.
No target in view!
No target in view!
There is a stone staircase leading down here.
You see here 3 stones.
Found a stone staircase leading down.
You see here 3 stones.
An adder comes into view.
An adder is nearby!
You shoot an arrow. The arrow hits the adder!
You shoot an arrow. The arrow hits the adder!
No target in view!
No target in view!
w - an amethyst potion 2 jackals come into view.
There are monsters nearby!
There are monsters nearby!
You shoot an arrow. The arrow hits the jackal.
You shoot an arrow. The arrow hits the jackal!
No target in view!
No target in view!
x - a scroll labelled QIXTI BEINK No target in view! 2 jackals come into view.
There are monsters nearby!
You shoot an arrow. The arrow hits the jackal.
You shoot an arrow. The arrow hits the jackal.
No target in view!
No target in view!
n - 2 fizzy dark potions (gained 1) Grinder comes into view.
Grinder shouts!
You shoot an arrow. The arrow hits Grinder.
Grinder gestures at you. Pain shoots through your body!
You take 10 damage, and have 35/45 hp.
MASSIVE DAMAGE!!
You shoot an arrow. The arrow barely misses Grinder.
You shoot an arrow. The arrow hits Grinder.
Grinder gestures at you.
You suddenly lose the ability to move!
Grinder blinks!
You can move again.
You shoot an arrow. The arrow hits Grinder!
You shoot an arrow.
The arrow hits Grinder but does no damage.
You shoot an arrow. The arrow hits Grinder.
Grinder blinks!
You shoot an arrow. The arrow hits Grinder.
Grinder misses you. Grinder barely misses you.
Unknown command.
You shoot an arrow.
The arrow hits Grinder but does no damage.
Grinder hits you!
You writhe in agony.
You take 14 damage, and have 23/45 hp.
MASSIVE DAMAGE!!
You are too injured to fight recklessly!
You are too injured to fight recklessly!
You are too injured to fight recklessly!
You are too injured to fight recklessly!
You are too injured to fight recklessly!
You are too injured to fight recklessly!
You are too injured to fight recklessly!
Fire: a) +0 shortbow
Press: ? - help, Q - select action, (/) - cycle Shift-Dir - straight line, f/p - Grinder
Aim: Grinder (heavily wounded, 62% to hit)
You shoot an arrow. The arrow closely misses Grinder.
Grinder closely misses you.
Fire: a) +0 shortbow
Press: ? - help, Q - select action, (/) - cycle Shift-Dir - straight line, f/p - Grinder
Aim: Grinder (heavily wounded, 62% to hit)
You shoot an arrow. The arrow closely misses Grinder.
Grinder closely misses you.
Fire: a) +0 shortbow
Press: ? - help, Q - select action, (/) - cycle Shift-Dir - straight line, f/p - Grinder
Aim: Grinder (heavily wounded, 62% to hit)
You shoot an arrow. The arrow barely misses Grinder.
Grinder gestures at you.
You struggle to resist.
Fire: a) +0 shortbow
Press: ? - help, Q - select action, (/) - cycle Shift-Dir - straight line, f/p - Grinder
Aim: Grinder (heavily wounded, 62% to hit)
You shoot an arrow. The arrow hits Grinder.
Grinder gestures at you. Pain shoots through your body! Grinder hits you.
* * * LOW HITPOINT WARNING * * *
You writhe in agony.
* * * LOW HITPOINT WARNING * * *
Fire: a) +0 shortbow
Press: ? - help, Q - select action, (/) - cycle Shift-Dir - straight line, f/p - Grinder
Aim: Grinder (heavily wounded, 62% to hit)
You shoot an arrow. The arrow hits Grinder.
Grinder hits you.
You die...

## #.....# .##
#.....# ..##
#.....# ...#
#.....# ## ...#
#.>...# .. .#.#
####### .# ...# .#
#..# #########.#
...#### #.......@5#
......###.#########
#.......#.#
#.......#.#
#.......#.#
#.#.......#
.....##.###
#...†...# #########


You could see Grinder.

Vanquished Creatures
  Natasha (thrice) (D:3)
  A gnoll (D:1)
  3 adders
  A worm (D:3)
  A dart slug (D:2)
  8 endoplasms
  3 giant cockroaches
  5 goblins
  8 hobgoblins
  6 jackals
  2 quokkas
  3 ball pythons
  4 bats
  4 frilled lizards (D:1)
  6 kobolds
  8 rats
66 creatures vanquished.

Notes
Turn   | Place    | Note
-------+----------+-------------------------------------------
     0 | D:1      | IndexError the Demigod Hunter began the quest for the Orb.
     0 | D:1      | Reached XP level 1. HP: 17/17 MP: 3/3
    73 | D:1      | Reached skill level 2 in Fighting
   240 | D:1      | Reached XP level 2. HP: 24/24 MP: 4/4
   312 | D:1      | Reached skill level 4 in Ranged Weapons
   615 | D:1      | Reached XP level 3. HP: 30/30 MP: 5/5
  1590 | D:3      | Reached XP level 4. HP: 37/37 MP: 6/6
  1590 | D:3      | Noticed Natasha
  1600 | D:3      | Killed Natasha
  1612 | D:3      | Noticed Natasha
  1618 | D:3      | Killed Natasha
  1619 | D:3      | Reached skill level 3 in Fighting
  1619 | D:3      | Reached skill level 5 in Ranged Weapons
  1627 | D:3      | Noticed Natasha
  1642 | D:3      | Killed Natasha
  1819 | D:3      | Reached XP level 5. HP: 45/45 MP: 7/7
  2049 | D:3      | Noticed Grinder
  2052 | D:3      | Paralysed by Grinder for 2 turns
  2062 | D:3      | HP: 9/45 [Grinder (6)]
  2062 | D:3      | HP: 3/45 [Grinder (6)]
  2063 | D:3      | Slain by Grinder

Illustrated notes

Levels and vault maps discovered:
D:1:      zelgadis_glass_arrival_small, layout_basic,
          ebering_ecumenical_altar_petrified
D:2:      layout_loops_ring, basic_altar
D:3:      layout_loops_cross, uniq_natasha, uniq_grinder

Skill      XL: |  1  2  3  4 |
---------------+-------------+-----
Fighting       | 2 3 |  3.2
Ranged Weapons | 4 5 |  5.4
Dodging        | |  1.7
Stealth        | |  0.8

Action                     |  1- 3 |  4- 6 || total
---------------------------+-------+-------++-------
   Fire: Shortbow          |   113 |    73 ||   186
 Armour: Leather armour    |    11 |     6 ||    17
  Dodge: Dodged            |    21 |    13 ||    34

Table legend: (Time is in decaauts)
 A = Elapsed time spent in this place.
 B = Non-inter-level travel time spent in this place.
 C = Inter-level travel time spent in this place.
 D = Time resting spent in this place.
 E = Time spent auto-exploring this place.
 F = Levels seen in this place.
 G = Mean time per level.
                   A        B        C        D        E       F      G
               +--------+--------+--------+--------+--------+-----+--------+
         Total |   2102 |   1866 |    236 |      0 |   1522 |   3 |  700.7 |
       Dungeon |   2102 |   1866 |    236 |      0 |   1522 |   3 |  700.7 |
               +--------+--------+--------+--------+--------+-----+--------+

Top non-repeatable levels by time:
     D:1: 809 daAuts
     D:2: 692 daAuts
     D:3: 600 daAuts

Levels and vault maps discovered:
D:1:      zelgadis_glass_arrival_small, layout_basic,
          ebering_ecumenical_altar_petrified
D:2:      layout_loops_ring, basic_altar
D:3:      layout_loops_cross, uniq_natasha, uniq_grinder

Table legend: (Time is in decaauts)
 A = Elapsed time spent in this place.
 B = Non-inter-level travel time spent in this place.
 C = Inter-level travel time spent in this place.
 D = Time resting spent in this place.
 E = Time spent auto-exploring this place.
 F = Levels seen in this place.
 G = Mean time per level.
                   A        B        C        D        E       F      G
               +--------+--------+--------+--------+--------+-----+--------+
         Total |   2102 |   1866 |    236 |      0 |   1522 |   3 |  700.7 |
       Dungeon |   2102 |   1866 |    236 |      0 |   1522 |   3 |  700.7 |
               +--------+--------+--------+--------+--------+-----+--------+

Top non-repeatable levels by time:
     D:1: 809 daAuts
     D:2: 692 daAuts
     D:3: 600 daAuts

Table legend:
 A = Kills in this place as a percentage of kills in the entire game.
 B = Kills by you in this place as a percentage of kills by you in the entire game.
 C = Kills by friends in this place as a percentage of kills by friends in the entire game.
 D = Other kills in this place as a percentage of other kills in the entire game.
 E = Experience gained in this place as a percentage of experience gained in the entire game.
 F = Experience gained in this place divided by the number of levels of this place that you have seen.
                   A       B       C       D       E      F
               +-------+-------+-------+-------+-------+----------------------
         Total | 100.0 | 100.0 |   N/A |   N/A | 100.0 |  86.3
       Dungeon | 100.0 | 100.0 |   N/A |   N/A | 100.0 |  86.3
               +-------+-------+-------+-------+-------+----------------------
